 Dungeon Crawl Stone Soup version 0.31.0 (webtiles) character file.

Game seed: 4502099190604156911

18 qw the Shooter (level 2, -1/17 HPs)
             Began as a Gargoyle Hunter on Jan 19, 2024.
             Slain by an adder (2 damage)
             ... on level 2 of the Dungeon.
             The game lasted 00:00:01 (651 turns).

qw the Shooter (Gargoyle Hunter)                     Turns: 651, Time: 00:00:02

Health: -1/17      AC:  5    Str: 14    XL:     2   Next: 66%
Magic:  2/2        EV: 11    Int:  9    God:
Gold:   140        SH:  0    Dex: 13    Spells: 1/1 levels left

rFire   . . .        a - +0 shortbow
rCold   . . .        (shield currently unavailable)
rNeg    + . .        c - +0 leather armour
rPois   inf          (no helmet)
rElec   +            (no cloak)
rCorr   .            (no gloves)
SInv    .            (no boots)
Will    .....        (no amulet)
Stlth   +            (no ring)
HPRegen 0.22/turn    (no ring)
MPRegen 0.08/turn

%: no passive effects
@: no status effects
A: sickness immunity, AC +2, negative energy resistance 1, electricity
resistance, torment resistance 1, petrification resistance
a: no special abilities


You were on level 2 of the Dungeon.
You visited 1 branch of the dungeon, and saw 2 of its levels.

You collected 140 gold pieces.


Innate Abilities, Weirdness & Mutations

You are immune to sickness and miasma.
Your stone body is resilient. (AC +2)
You are immune to poison.
You resist negative energy. (rN+)
You are resistant to electric shocks. (rElec)
You are resistant to unholy torment.
You are immune to petrification.


   Skills:
 - Level 2.1 Fighting
 + Level 4.7 Ranged Weapons
 - Level 1.5 Dodging
 - Level 1.1 Stealth


You had one spell level left.
You didn't know any spells.
Your spell library was empty.

Inventory:

Hand Weapons
 a - a +0 shortbow (weapon)
Armour
 c - a +0 leather armour (worn)

Dungeon Overview and Level Annotations

Branches:
Dungeon (2/15)

Altars:


Message History

You shoot an arrow.
The arrow hits the orc but does no damage.
The goblin hits you but does no damage. The orc closely misses you.
You shoot an arrow. The arrow hits the orc.
The orc is heavily wounded.
The goblin hits you but does no damage. The orc barely misses you.
You shoot an arrow. The arrow barely misses the orc.
The goblin closely misses you. The orc hits you but does no damage.
You shoot an arrow.
The arrow hits the orc but does no damage.
The orc is heavily wounded.
The goblin hits you but does no damage. The orc hits you with a +0 falchion.
You shoot an arrow. The arrow hits the orc.
The orc is heavily wounded.
The goblin hits you with a +0 club. The orc closely misses you.
The orc misses you. The goblin hits you with a +0 club.
You shoot an arrow. The arrow hits the orc.
You kill the orc!
The goblin closely misses you. The adder barely misses you.
You shoot an arrow. The arrow hits the adder.
The adder is lightly wounded.
The adder barely misses you. The goblin barely misses you.
You shoot an arrow. The arrow hits the adder.
The adder is moderately wounded.
The adder bites you but does no damage. The goblin misses you.
The adder bites you but does no damage.
You shoot an arrow. The arrow barely misses the adder.
The adder bites you but does no damage. The goblin hits you but does no damage.
The adder bites you but does no damage. The goblin hits you but does no damage.
You shoot an arrow. The arrow barely misses the adder.
The adder bites you but does no damage. The goblin completely misses you.
You shoot an arrow. The arrow barely misses the adder.
The adder barely misses you. The goblin hits you but does no damage.
The adder bites you.
You shoot an arrow. The arrow closely misses the adder.
The adder barely misses you. The goblin barely misses you.
You shoot an arrow. The arrow misses the adder.
The adder closely misses you. The goblin hits you with a +0 club.
The adder bites you.
You die...

.# .# .# ##.
#.$ ## #####
#.##$## #
...# #.#...#
#. #.###@S#
..
#...#g#r..#
#.#.#.#...#
.##
#....<###..#
# ###.###
#...# #.
#..## # #...
#..#. ..##.#


You could see an adder, a goblin and a rat.

Vanquished Creatures
  A dart slug (D:1)
  An orc (D:2)
  2 ball pythons (D:1)
  2 bats (D:1)
  2 endoplasms (D:1)
  A giant cockroach (D:1)
  A hobgoblin (D:1)
  A quokka (D:1)
  2 goblins (D:1)
13 creatures vanquished.

Notes
Turn   | Place    | Note
-------+----------+-------------------------------------------
     0 | D:1      | qw the Gargoyle Hunter began the quest for the Orb.
     0 | D:1      | Reached XP level 1. HP: 12/12 MP: 1/1
     0 | D:1      | 0 ||| qw: Version: 0.3-a-132-g3d54051
     0 | D:1      | 0 ||| qw: Game counter: 170
     0 | D:1      | 0 ||| qw: Melee chars always use a shield: true
     0 | D:1      | 0 ||| qw: God list: Okawaru
     0 | D:1      | 0 ||| qw: Allow faded altars: false
     0 | D:1      | 0 ||| qw: Do Orc after clearing Dungeon:15 true
     0 | D:1      | 0 ||| qw: Do second Lair branch before Depths: true
     0 | D:1      | 0 ||| qw: Lair rune preference: random
     0 | D:1      | 0 ||| qw: Goals: Normal
     0 | D:1      | 0 ||| PLANNING D:1-11
   111 | D:1      | Reached XP level 2. HP: 13/17 MP: 2/2
   600 | D:1      | 600 ||| READING scroll labelled RABLEU NAAH.
   601 | D:1      | 601 ||| READING scroll labelled FOUPRA ZOUGRE.
   602 | D:1      | 602 ||| DROPPING scroll of butterflies.
   643 | D:2      | HP: 2/17 [goblin/+0 club (3)]
   649 | D:2      | HP: 2/17 [adder (1)]
   651 | D:2      | Slain by an adder

Levels and vault maps discovered:
D:1:      heliophobic_arrival_ceremonial_halls, layout_loops_ring,
          dreamdust_wishing_well, minmay_misc_feat_five, patterned_corridor
D:2:      layout_loops_ring, columned_hall_lemuel, minmay_ruptured

Action                     || total
---------------------------++-------
   Fire: Shortbow          ||    62
    Use: Scroll            ||     2
 Armour: Leather armour    ||    31
  Dodge: Dodged            ||    26

Table legend:
 A = Non-vault XP
 B = Vault XP
 C = Vault XP percentage of total XP
 D = Non-vault monster count
 E = Vault monster count
 F = Vault count percentage of total count
                 A         B        C        D         E       F
            +---------+---------+-------+---------+---------+-------
      Total |      23 |       3 |  11.5 |      12 |       1 |   7.7
            +---------+---------+-------+---------+---------+-------
        D:1 |      23 |       0 |   0.0 |      12 |       0 |   0.0
        D:2 |       0 |       3 | 100.0 |       0 |       1 | 100.0
            +---------+---------+-------+---------+---------+-------
